Coyotes vs Jets

Created - November 10, 2019 at 19:28

Goals
1 2 3 T
Coyotes 1 2 1 4
Jets 0 1 0 1
Shots
1 2 3 T
Coyotes 11 8 11 30
Jets 9 7 15 31

1st period

1. Coyotes , Jamie Arniel 3 (Ramzi Abid 1, Thomas Hickey 1) at 13:45

Penalties :
Ronalds Kenins (Win) for Holding Stick (Minor) at 7:07, Reilly Smith (Win) for Interference (Minor) at 19:38

2nd period

2. Coyotes , Michael Del Zotto 1 (Josh Gorges 1, Brad Richards 6) at 1:03 (PP)
3. Jets , Derek Stepan 4 (Tyler Myers 5, Marcus Johansson 6) at 1:46
4. Coyotes , Evgeny Artyukhin 2 (Ramzi Abid 2, Thomas Hickey 2) at 18:10

Penalties :
Marco Scandella (Win) for Hooking (Minor) at 6:34

3rd period

5. Coyotes , Evgeny Artyukhin 3 (Ramzi Abid 3) at 1:40

Penalties :
Anton Stralman (Ari) for Boarding (Minor) at 10:36

Goalie Stats

Maxime Daigneault (Ari), 30 saves from 31 shots - (0.968), W, 4-2-1, 60:00 minutes
Kari Lehtonen (Win), 26 saves from 30 shots - (0.867), L, 2-2-0, 60:00 minutes

Players Stats for Coyotes

Player Name              G  A  P  +/- PIM S  H  SB GA TA FO     MP     PP MP  PK MP  
------------------------------------------------------------------------------------
Andrew MacDonald         0  0  0   0  0   0  0  0  0  0  0/0     5:33   0:00   0:21 
Anton Stralman           0  0  0   1  2   2  3  3  1  0  0/0    24:55   3:26   0:00 
Brad Richards            0  1  1  -1  0   0  2  2  0  1  7/12   18:41   1:59   0:11 
Chris Stewart            0  0  0  -1  0   1  2  0  1  1  0/0    18:53   2:04   0:00 
Evgeny Artyukhin         2  0  2   3  0   5  2  2  0  0  0/0    14:30   0:20   0:00 
Jamie Arniel             1  0  1   3  0   3  0  0  0  0  5/9    14:05   0:34   0:00 
Josh Gorges              0  1  1  -1  0   0  0  3  0  1  0/0    18:53   1:57   0:40 
Kristopher Letang        0  0  0   1  0   1  2  0  1  0  0/0    25:45   3:26   1:09 
Marian Gaborik           0  0  0   0  0   3  2  0  1  1  0/0    24:56   3:10   0:58 
Matt Donovan             0  0  0   2  0   0  0  0  0  0  0/0    11:21   0:00   0:58 
Michael Del Zotto        1  0  1  -1  0   2  1  2  0  1  0/0    18:33   1:57   0:40 
Mike Weber               0  0  0   0  0   0  0  0  0  1  0/0     4:47   0:00   0:00 
Nazem Kadri              0  0  0   0  0   3  5  1  0  1  20/31  21:34   2:59   0:22 
Nick Bonino              0  0  0   0  0   0  0  0  0  0  1/1     5:45   0:00   0:28 
Ramzi Abid               0  3  3   3  0   3  0  3  0  0  1/1    14:41   0:00   0:39 
Thomas Hickey            0  2  2   2  0   1  0  0  1  0  0/0    11:13   0:00   0:10 
Tyler Ennis              0  0  0   0  0   3  0  0  4  0  0/2    24:52   2:59   0:58 
Zach Parise              0  0  0  -1  0   3  1  0  1  0  0/0    19:03   2:04   0:22 

Players Stats for Jets

Player Name              G  A  P  +/- PIM S  H  SB GA TA FO     MP     PP MP  PK MP  
------------------------------------------------------------------------------------
Boone Jenner             0  0  0   0  0   1  0  0  0  0  2/2     9:01   0:09   0:24 
Derek Roy                0  0  0  -1  0   2  0  0  0  1  4/7    11:58   0:00   0:00 
Derek Stepan             1  0  1  -1  0   4  2  0  1  1  9/26   21:40   0:57   3:07 
Eric Gelinas             0  0  0  -1  0   0  0  0  0  0  0/0    21:14   1:06   2:39 
Erik Haula               0  0  0   0  0   1  0  0  1  0  0/0    17:15   0:00   3:05 
Evgeny Dadonov           0  0  0  -1  0   3  1  1  0  0  0/2    17:36   0:00   0:00 
Jacob Trouba             0  0  0  -1  0   1  0  0  0  1  0/0    17:59   0:00   2:44 
Jared Spurgeon           0  0  0   1  0   3  0  1  0  0  0/0    16:30   0:00   0:00 
Jeremy Morin             0  0  0   0  0   0  0  1  0  1  0/0     8:20   0:11   0:00 
Jonathan Huberdeau       0  0  0  -1  0   0  0  0  0  0  0/0    13:03   1:02   0:00 
Marco Scandella          0  0  0  -2  2   0  3  4  0  1  0/0    24:43   0:53   1:29 
Marcus Johansson         0  1  1  -1  0   7  3  0  3  0  1/2    19:37   0:57   0:48 
Nino Niederreiter        0  0  0   0  0   1  2  0  0  1  0/3    16:52   0:46   1:30 
Oscar Klefbom            0  0  0  -1  0   2  1  0  0  0  0/0    16:32   1:06   1:10 
Reilly Smith             0  0  0  -1  2   2  0  0  0  2  0/1    13:02   1:02   0:00 
Ronalds Kenins           0  0  0   0  2   1  0  0  1  0  0/0     8:24   0:00   0:00 
Tyler Johnson            0  0  0   0  0   1  1  1  1  0  6/13   17:21   0:53   1:52 
Tyler Myers              0  1  1   0  0   2  1  1  0  2  0/0    23:27   0:53   2:44 

3 Stars

1 - Evgeny Artyukhin (Ari)
2 - Ramzi Abid (Ari)
3 - Maxime Daigneault (Ari)

Power Play

Coyotes - 1 on 3 Attempt(s) - 33.33%
Jets - 0 on 1 Attempt(s) - 0.00%

Penalty Kill

Coyotes - 1 on 1 Attempt(s) - 100.00% - Score 0 goal in Penalty Kill
Jets - 2 on 3 Attempt(s) - 66.67% - Score 0 goal in Penalty Kill

Team Stat

Coyotes - Hits : 20 - Faceoff Wins : 34 - Blocked Shots : 16 - Penalty Minutes : 2
Jets - Hits : 14 - Faceoff Wins : 22 - Blocked Shots : 9 - Penalty Minutes : 6

Official

Referees : Unknown
Linesman : Unknown

Game Notes

No Game Note

Finance

Level 1 -- Attendance: 6000 (100.00%) -- Ticket Income $612,000
Level 2 -- Attendance: 3997 (79.94%) -- Ticket Income $291,781
Level 3 -- Attendance: 1590 (79.50%) -- Ticket Income $71,550
Level 4 -- Attendance: 4000 (100.00%) -- Ticket Income $100,000
Luxury Box -- Attendance: 978 (97.80%) -- Ticket Income $176,040
Game was played at the MTS Center.
Total Attendance: 16565 (92.03%)
Total Ticket Income: $1,251,371
Other Income: $187,706
Total Income: $1,439,077

Coyotes

5 vs 5 Forward 
   Center                   Left Wing                Right Wing               Time % Phy DF OF 
 1 Nazem Kadri              Tyler Ennis              Marian Gaborik           40     1   2  2  
 2 Brad Richards            Zach Parise              Chris Stewart            30     1   2  2  
 3 Jamie Arniel             Ramzi Abid               Evgeny Artyukhin         20     1   2  2  
 4 Nick Bonino              Tyler Ennis              Marian Gaborik           10     1   2  2  

5 vs 5 Defense 
   Defense                  Defense                                           Time % Phy DF OF 
 1 Kristopher Letang        Anton Stralman                                    40     1   2  2  
 2 Josh Gorges              Michael Del Zotto                                 30     1   2  2  
 3 Thomas Hickey            Matt Donovan                                      20     1   2  2  
 4 Andrew MacDonald         Mike Weber                                        10     1   2  2  

PowerPlay Forward 
   Center                   Left Wing                Right Wing               Time % Phy DF OF 
 1 Nazem Kadri              Tyler Ennis              Marian Gaborik           60     1   2  2  
 2 Brad Richards            Zach Parise              Chris Stewart            40     1   2  2  

PowerPlay Defense
   Defense                  Defense                                           Time % Phy DF OF 
 1 Kristopher Letang        Anton Stralman                                    60     1   2  2  
 2 Josh Gorges              Michael Del Zotto                                 40     1   2  2  

Penalty Kill 4 Players Forward 
   Center                   Wing                     Time % Phy DF OF 
 1 Tyler Ennis              Marian Gaborik           60     1   2  2  
 2 Zach Parise              Nazem Kadri              40     1   2  2  

Penalty Kill 4 Players Defense
   Defense                  Defense                  Time % Phy DF OF 
 1 Kristopher Letang        Anton Stralman           60     1   2  2  
 2 Josh Gorges              Michael Del Zotto        40     1   2  2  

Penalty Kill - 3 Players Forward 
   Forward                                           Time % Phy DF OF 
 1 Tyler Ennis                                       60     1   2  2  
 2 Marian Gaborik                                    40     1   2  2  

Penalty Kill - 3 Players Defense
   Defense                  Defense                  Time % Phy DF OF 
 1 Kristopher Letang        Anton Stralman           60     1   2  2  
 2 Josh Gorges              Michael Del Zotto        40     1   2  2  

4 vs 4 Forward 
   Center                   Wing                     Time % Phy DF OF 
 1 Tyler Ennis              Marian Gaborik           60     1   2  2  
 2 Zach Parise              Nazem Kadri              40     1   2  2  

4 vs 4 Defense
   Defense                  Defense                  Time % Phy DF OF 
 1 Kristopher Letang        Anton Stralman           60     1   2  2  
 2 Josh Gorges              Michael Del Zotto        40     1   2  2  

Last Minutes Offensive
   Center                   Left Wing                Right Wing               Defense                  Defense                  
   Nazem Kadri              Tyler Ennis              Marian Gaborik           Kristopher Letang        Anton Stralman           

Last Minutes Defensive
   Center                   Left Wing                Right Wing               Defense                  Defense                  
   Nazem Kadri              Tyler Ennis              Marian Gaborik           Kristopher Letang        Anton Stralman           

Goaltenders
Starting : Maxime Daigneault        
Backup : Thomas McCollum          

Extra Forwards
Normal : Jamie Arniel, Evgeny Artyukhin, Nick Bonino - PP : Jamie Arniel, Evgeny Artyukhin - PK : Nick Bonino
Extra Defensemen
Normal : Thomas Hickey, Matt Donovan, Andrew MacDonald - PP : Thomas Hickey - PK : Matt Donovan, Andrew MacDonald
Penalty Shots
Tyler Ennis, Marian Gaborik, Zach Parise, Nazem Kadri, Brad Richards

Scratches
Martin Samuelsson (Suspend)

Jets

5 vs 5 Forward 
   Center                   Left Wing                Right Wing               Time % Phy DF OF 
 1 Derek Stepan             Marcus Johansson         Evgeny Dadonov           35     0   3  2  
 2 Tyler Johnson            Erik Haula               Nino Niederreiter        30     0   3  2  
 3 Derek Roy                Jonathan Huberdeau       Reilly Smith             25     0   3  2  
 4 Boone Jenner             Ronalds Kenins           Jeremy Morin             10     1   2  2  

5 vs 5 Defense 
   Defense                  Defense                                           Time % Phy DF OF 
 1 Marco Scandella          Eric Gelinas                                      36     1   3  1  
 2 Tyler Myers              Jared Spurgeon                                    32     1   3  1  
 3 Jacob Trouba             Oscar Klefbom                                     22     1   3  1  
 4 Tyler Myers              Marco Scandella                                   10     1   3  1  

PowerPlay Forward 
   Center                   Left Wing                Right Wing               Time % Phy DF OF 
 1 Tyler Johnson            Jonathan Huberdeau       Reilly Smith             60     0   0  5  
 2 Derek Stepan             Marcus Johansson         Nino Niederreiter        40     0   0  5  

PowerPlay Defense
   Defense                  Defense                                           Time % Phy DF OF 
 1 Eric Gelinas             Oscar Klefbom                                     60     0   1  4  
 2 Marco Scandella          Tyler Myers                                       40     0   1  4  

Penalty Kill 4 Players Forward 
   Center                   Wing                     Time % Phy DF OF 
 1 Derek Stepan             Erik Haula               60     1   2  2  
 2 Tyler Johnson            Nino Niederreiter        40     1   2  2  

Penalty Kill 4 Players Defense
   Defense                  Defense                  Time % Phy DF OF 
 1 Jacob Trouba             Tyler Myers              60     1   3  1  
 2 Marco Scandella          Eric Gelinas             40     1   3  1  

Penalty Kill - 3 Players Forward 
   Forward                                           Time % Phy DF OF 
 1 Tyler Johnson                                     60     0   4  1  
 2 Derek Stepan                                      40     0   4  1  

Penalty Kill - 3 Players Defense
   Defense                  Defense                  Time % Phy DF OF 
 1 Marco Scandella          Eric Gelinas             60     0   5  0  
 2 Tyler Myers              Jacob Trouba             40     0   5  0  

4 vs 4 Forward 
   Center                   Wing                     Time % Phy DF OF 
 1 Derek Stepan             Evgeny Dadonov           60     1   2  2  
 2 Tyler Johnson            Marcus Johansson         40     1   2  2  

4 vs 4 Defense
   Defense                  Defense                  Time % Phy DF OF 
 1 Eric Gelinas             Tyler Myers              60     1   2  2  
 2 Marco Scandella          Jacob Trouba             40     1   2  2  

Last Minutes Offensive
   Center                   Left Wing                Right Wing               Defense                  Defense                  
   Tyler Johnson            Derek Roy                Derek Stepan             Marco Scandella          Tyler Myers              

Last Minutes Defensive
   Center                   Left Wing                Right Wing               Defense                  Defense                  
   Tyler Johnson            Erik Haula               Nino Niederreiter        Marco Scandella          Eric Gelinas             

Goaltenders
Starting : Kari Lehtonen            
Backup : Jonathan Bernier         

Extra Forwards
Normal : Tyler Johnson, Derek Stepan, Derek Roy - PP : Tyler Johnson, Derek Stepan - PK : Tyler Johnson
Extra Defensemen
Normal : Eric Gelinas, Marco Scandella, Tyler Myers - PP : Eric Gelinas - PK : Tyler Myers, Marco Scandella
Penalty Shots
Boone Jenner, Tyler Johnson, Jeremy Morin, Evgeny Dadonov, Erik Haula

Scratches
Jaccob Slavin (Healthy)

% Time on Ice - Coyotes

Lines # - Real PCT - Wanted PCT - Time Play
Normal Forward
1 - 34% - 40% - 18:04
2 - 32% - 30% - 16:37
3 - 26% - 20% - 13:40
4 - 8% - 10% - 4:17
Normal Defense
1 - 41% - 40% - 21:32
2 - 30% - 30% - 15:56
3 - 20% - 20% - 10:23
4 - 9% - 10% - 4:47
PP Forward
1 - 62% - 60% - 3:19
2 - 38% - 40% - 2:04
PP Defense
1 - 64% - 60% - 3:26
2 - 36% - 40% - 1:57
PK Forward
1 - 82% - 60% - 1:37
2 - 18% - 40% - 0:22
PK Defense
1 - 66% - 60% - 1:19
2 - 34% - 40% - 0:40
PK3 Forward
1 - 0% - 60%
2 - 0% - 40%
PK3 Defense
1 - 0% - 60%
2 - 0% - 40%
44 Forward
1 - 0% - 60%
2 - 0% - 40%
44 Defense
1 - 0% - 60%
2 - 0% - 40%
Last Minute Offensive  - 0:00
Last Minute Defensive  - 0:00
Total
Forward - 60:00
Defense - 60:00

% Time on Ice - Jets

Lines # - Real PCT - Wanted PCT - Time Play
Normal Forward
1 - 34% - 35% - 17:55
2 - 28% - 30% - 14:36
3 - 23% - 25% - 11:58
4 - 15% - 10% - 8:09
Normal Defense
1 - 35% - 36% - 18:31
2 - 31% - 32% - 16:30
3 - 27% - 22% - 14:13
4 - 6% - 10% - 3:24
PP Forward
1 - 52% - 60% - 1:02
2 - 48% - 40% - 0:57
PP Defense
1 - 55% - 60% - 1:06
2 - 45% - 40% - 0:53
PK Forward
1 - 72% - 60% - 3:53
2 - 28% - 40% - 1:30
PK Defense
1 - 51% - 60% - 2:44
2 - 49% - 40% - 2:39
PK3 Forward
1 - 0% - 60%
2 - 0% - 40%
PK3 Defense
1 - 0% - 60%
2 - 0% - 40%
44 Forward
1 - 0% - 60%
2 - 0% - 40%
44 Defense
1 - 0% - 60%
2 - 0% - 40%
Last Minute Offensive  - 0:00
Last Minute Defensive  - 0:00
Total
Forward - 60:00
Defense - 60:00

Play-by-Play

1st period


0:01 of 1st period - Nazem Kadri wins face-off versus Derek Stepan in neutral zone.
0:04 of 1st period - Slapshot by Kristopher Letang.
0:04 of 1st period - Shot Misses the Net.
0:26 of 1st period - Erik Haula is hit by Chris Stewart and loses puck.
1:16 of 1st period - Wrist shot by Ronalds Kenins.
1:16 of 1st period - Stopped by Maxime Daigneault with a rebound.
1:18 of 1st period - Slapshot by Tyler Myers.
1:18 of 1st period - Stopped by Maxime Daigneault with a rebound.
1:20 of 1st period - Wrist shot by Tyler Myers.
1:20 of 1st period - Stopped by Maxime Daigneault with a rebound.
1:22 of 1st period - Snap shot by Jeremy Morin.
1:22 of 1st period - Shot Blocked by Michael Del Zotto.
1:32 of 1st period - Snap shot by Zach Parise.
1:32 of 1st period - Shot Misses the Net.
1:34 of 1st period - Wrist shot by Zach Parise.
1:34 of 1st period - Shot Misses the Net.
1:36 of 1st period - Slapshot by Josh Gorges.
1:36 of 1st period - Deflect By Zach Parise.
1:36 of 1st period - Shot Misses the Net.
1:36 of 1st period - Puck is out of play.
1:37 of 1st period - Tyler Johnson wins face-off versus Brad Richards in Jets zone.
2:26 of 1st period - Wrist shot by Zach Parise.
2:26 of 1st period - Shot Misses the Net.
2:40 of 1st period - Snap shot by Brad Richards.
2:40 of 1st period - Shot Misses the Net.
2:42 of 1st period - Backhand shot by Thomas Hickey.
2:42 of 1st period - Deflect By Marcus Johansson.
2:42 of 1st period - Stopped by Kari Lehtonen with a rebound.
3:24 of 1st period - Snap shot by Zach Parise.
3:24 of 1st period - Shot Misses the Net.
3:26 of 1st period - Wrist shot by Thomas Hickey.
3:26 of 1st period - Shot Blocked by Marco Scandella.
3:50 of 1st period - Snap shot by Chris Stewart.
3:50 of 1st period - Stopped by Kari Lehtonen without a rebound.
3:51 of 1st period - Nazem Kadri wins face-off versus Tyler Johnson in Jets zone.
4:18 of 1st period - Derek Roy is hit by Anton Stralman and loses puck.
6:38 of 1st period - Snap shot by Derek Stepan.
6:38 of 1st period - Shot Misses the Net.
6:40 of 1st period - Wrist shot by Marcus Johansson.
6:40 of 1st period - Shot Blocked by Ramzi Abid.
7:07 of 1st period - Minor Penalty to Ronalds Kenins for Holding Stick.
7:08 of 1st period - Nazem Kadri wins face-off versus Derek Stepan in Jets zone.
8:07 of 1st period - Tyler Myers is hit by Michael Del Zotto.
9:07 of 1st period - Penalty to Ronalds Kenins is over, Ronalds Kenins is back on ice.
9:18 of 1st period - Wrist shot by Nick Bonino.
9:18 of 1st period - Shot Misses the Net.
9:40 of 1st period - Mike Weber is hit by Marco Scandella and loses puck.
10:24 of 1st period - Wrist shot by Derek Stepan.
10:24 of 1st period - Stopped by Maxime Daigneault without a rebound.
10:25 of 1st period - Derek Roy wins face-off versus Brad Richards in Coyotes zone.
10:26 of 1st period - Snap shot by Jonathan Huberdeau.
10:26 of 1st period - Shot Blocked by Anton Stralman.
10:28 of 1st period - Snap shot by Derek Roy.
10:28 of 1st period - Shot Misses the Net.
10:30 of 1st period - Slapshot by Jared Spurgeon.
10:30 of 1st period - Deflect By Brad Richards.
10:30 of 1st period - Stopped by Maxime Daigneault without a rebound.
10:31 of 1st period - Derek Roy wins face-off versus Nazem Kadri in Coyotes zone.
11:42 of 1st period - Wrist shot by Tyler Ennis.
11:42 of 1st period - Shot Misses the Net.
12:26 of 1st period - Wrist shot by Ramzi Abid.
12:26 of 1st period - Stopped by Kari Lehtonen without a rebound.
12:27 of 1st period - Derek Stepan wins face-off versus Jamie Arniel in Jets zone.
12:31 of 1st period - Off-side.
12:32 of 1st period - Nazem Kadri wins face-off versus Derek Stepan in neutral zone.
12:47 of 1st period - Wrist shot by Derek Stepan.
12:47 of 1st period - Deflect By Tyler Ennis.
12:47 of 1st period - Shot Misses the Net.
12:47 of 1st period - Puck is out of play.
12:48 of 1st period - Tyler Johnson wins face-off versus Nazem Kadri in Coyotes zone.
13:03 of 1st period - Erik Haula is hit by Nazem Kadri and loses puck.
13:19 of 1st period - Tyler Myers is hit by Brad Richards and loses puck.
13:45 of 1st period - Snap shot by Jamie Arniel.
13:45 of 1st period - Goal by Jamie Arniel - Coyotes : 1 - Jets : 0.
13:46 of 1st period - Nazem Kadri wins face-off versus Nino Niederreiter in neutral zone.
14:13 of 1st period - Jacob Trouba is hit by Brad Richards and loses puck.
14:18 of 1st period - Wrist shot by Zach Parise.
14:18 of 1st period - Stopped by Kari Lehtonen with a rebound.
14:36 of 1st period - Snap shot by Evgeny Artyukhin.
14:36 of 1st period - Stopped by Kari Lehtonen without a rebound.
14:37 of 1st period - Jamie Arniel wins face-off versus Reilly Smith in Jets zone.
14:48 of 1st period - Wrist shot by Jamie Arniel.
14:48 of 1st period - Stopped by Kari Lehtonen with a rebound.
14:50 of 1st period - Snap shot by Ramzi Abid.
14:50 of 1st period - Stopped by Kari Lehtonen with a rebound.
14:52 of 1st period - Slapshot by Evgeny Artyukhin.
14:52 of 1st period - Stopped by Kari Lehtonen with a rebound.
15:48 of 1st period - Snap shot by Jamie Arniel.
15:48 of 1st period - Shot Blocked by Jeremy Morin.
16:33 of 1st period - Slapshot by Marcus Johansson.
16:33 of 1st period - Stopped by Maxime Daigneault with a rebound.
16:35 of 1st period - Snap shot by Marcus Johansson.
16:35 of 1st period - Shot Misses the Net.
16:37 of 1st period - Slapshot by Evgeny Dadonov.
16:37 of 1st period - Shot Misses the Net.
16:39 of 1st period - Wrist shot by Marcus Johansson.
16:39 of 1st period - Stopped by Maxime Daigneault with a rebound.
17:35 of 1st period - Slapshot by Marco Scandella.
17:35 of 1st period - Deflect By Derek Stepan.
17:35 of 1st period - Shot Hit the Post.
17:35 of 1st period - Puck is out of play.
17:36 of 1st period - Nick Bonino wins face-off versus Tyler Johnson in Coyotes zone.
17:41 of 1st period - Erik Haula is hit by Kristopher Letang and loses puck.
18:04 of 1st period - Wrist shot by Evgeny Dadonov.
18:04 of 1st period - Deflect By Chris Stewart.
18:04 of 1st period - Shot Misses the Net.
18:04 of 1st period - Puck is out of play.
18:05 of 1st period - Derek Stepan wins face-off versus Jamie Arniel in Coyotes zone.
18:18 of 1st period - Snap shot by Evgeny Dadonov.
18:18 of 1st period - Shot Blocked by Ramzi Abid.
18:20 of 1st period - Wrist shot by Derek Stepan.
18:20 of 1st period - Stopped by Maxime Daigneault without a rebound.
18:21 of 1st period - Nazem Kadri wins face-off versus Tyler Johnson in Coyotes zone.
18:26 of 1st period - Slapshot by Tyler Ennis.
18:26 of 1st period - Shot Hit the Post.
18:55 of 1st period - Kristopher Letang is hit by Marco Scandella and loses puck.
19:08 of 1st period - Snap shot by Marcus Johansson.
19:08 of 1st period - Stopped by Maxime Daigneault with a rebound.
19:10 of 1st period - Wrist shot by Marco Scandella.
19:10 of 1st period - Shot Blocked by Josh Gorges.
19:38 of 1st period - Minor Penalty to Reilly Smith for Interference.
19:39 of 1st period - Nazem Kadri wins face-off versus Derek Stepan in Jets zone.
19:42 of 1st period - Snap shot by Tyler Ennis.
19:42 of 1st period - Stopped by Kari Lehtonen with a rebound.
19:44 of 1st period - Slapshot by Marian Gaborik.
19:44 of 1st period - Stopped by Kari Lehtonen with a rebound.
19:54 of 1st period - Snap shot by Marian Gaborik.
19:54 of 1st period - Shot Misses the Net.
Goals for this period are 1 for Coyotes vs 0 for Jets.
Shots for this period are 11 for Coyotes vs 9 for Jets.

2nd period


0:01 of 2nd period - Nazem Kadri wins face-off versus Derek Stepan in neutral zone.
0:44 of 2nd period - Nazem Kadri is hit by Derek Stepan and loses puck.
0:55 of 2nd period - Snap shot by Zach Parise.
0:55 of 2nd period - Deflect By Chris Stewart.
0:55 of 2nd period - Shot Hit the Post.
0:55 of 2nd period - Puck is out of play.
0:56 of 2nd period - Brad Richards wins face-off versus Tyler Johnson in Jets zone.
0:59 of 2nd period - Wrist shot by Brad Richards.
0:59 of 2nd period - Shot Misses the Net.
1:01 of 2nd period - Slapshot by Josh Gorges.
1:01 of 2nd period - Shot Blocked by Tyler Johnson.
1:03 of 2nd period - Slapshot by Michael Del Zotto.
1:03 of 2nd period - Goal by Michael Del Zotto - Coyotes : 2 - Jets : 0.
1:04 of 2nd period - Nazem Kadri wins face-off versus Nino Niederreiter in neutral zone.
1:27 of 2nd period - Marco Scandella is hit by Nazem Kadri and loses puck.
1:36 of 2nd period - Snap shot by Marian Gaborik.
1:36 of 2nd period - Shot Misses the Net.
1:38 of 2nd period - Wrist shot by Nazem Kadri.
1:38 of 2nd period - Deflect By Marian Gaborik.
1:38 of 2nd period - Shot Blocked by Marco Scandella.
1:38 of 2nd period - Puck is out of play.
1:39 of 2nd period - Derek Stepan wins face-off versus Brad Richards in Jets zone.
1:46 of 2nd period - Wrist shot by Derek Stepan.
1:46 of 2nd period - Goal by Derek Stepan - Coyotes : 2 - Jets : 1.
1:47 of 2nd period - Derek Stepan wins face-off versus Nazem Kadri in neutral zone.
2:43 of 2nd period - Jacob Trouba is hit by Anton Stralman and loses puck.
3:26 of 2nd period - Wrist shot by Marian Gaborik.
3:26 of 2nd period - Deflect By Tyler Ennis.
3:26 of 2nd period - Stopped by Kari Lehtonen with a rebound.
4:23 of 2nd period - Wrist shot by Ronalds Kenins.
4:23 of 2nd period - Shot Misses the Net.
5:21 of 2nd period - Slapshot by Ronalds Kenins.
5:21 of 2nd period - Deflect By Boone Jenner.
5:21 of 2nd period - Stopped by Maxime Daigneault with a rebound.
5:23 of 2nd period - Wrist shot by Boone Jenner.
5:23 of 2nd period - Shot Misses the Net.
5:25 of 2nd period - Wrist shot by Oscar Klefbom.
5:25 of 2nd period - Shot Misses the Net.
5:27 of 2nd period - Slapshot by Jeremy Morin.
5:27 of 2nd period - Shot Misses the Net.
5:29 of 2nd period - Slapshot by Jacob Trouba.
5:29 of 2nd period - Shot Misses the Net.
5:31 of 2nd period - Snap shot by Oscar Klefbom.
5:31 of 2nd period - Stopped by Maxime Daigneault with a rebound.
5:33 of 2nd period - Slapshot by Jacob Trouba.
5:33 of 2nd period - Stopped by Maxime Daigneault with a rebound.
6:34 of 2nd period - Minor Penalty to Marco Scandella for Hooking.
6:35 of 2nd period - Brad Richards wins face-off versus Derek Stepan in Jets zone.
7:01 of 2nd period - Erik Haula is hit by Nazem Kadri and loses puck.
7:25 of 2nd period - Slapshot by Michael Del Zotto.
7:25 of 2nd period - Deflect By Tyler Johnson.
7:25 of 2nd period - Stopped by Kari Lehtonen with a rebound.
8:34 of 2nd period - Penalty to Marco Scandella is over, Marco Scandella is back on ice.
8:53 of 2nd period - Snap shot by Jamie Arniel.
8:53 of 2nd period - Shot Misses the Net.
9:13 of 2nd period - Slapshot by Tyler Myers.
9:13 of 2nd period - Shot Blocked by Evgeny Artyukhin.
10:04 of 2nd period - Snap shot by Boone Jenner.
10:04 of 2nd period - Shot Misses the Net.
10:06 of 2nd period - Slapshot by Jared Spurgeon.
10:06 of 2nd period - Deflect By Evgeny Artyukhin.
10:06 of 2nd period - Stopped by Maxime Daigneault with a rebound.
10:08 of 2nd period - Wrist shot by Jared Spurgeon.
10:08 of 2nd period - Stopped by Maxime Daigneault with a rebound.
10:32 of 2nd period - Tyler Ennis is hit by Nino Niederreiter.
10:41 of 2nd period - Icing by Jacob Trouba.
10:42 of 2nd period - Brad Richards wins face-off versus Marcus Johansson in Jets zone.
11:01 of 2nd period - Snap shot by Derek Roy.
11:01 of 2nd period - Shot Blocked by Evgeny Artyukhin.
11:14 of 2nd period - Jacob Trouba is hit by Evgeny Artyukhin and loses puck.
12:17 of 2nd period - Matt Donovan is hit by Nino Niederreiter and loses puck.
13:22 of 2nd period - Jamie Arniel is hit by Derek Stepan and loses puck.
14:04 of 2nd period - Nick Bonino is hit by Marcus Johansson and loses puck.
14:16 of 2nd period - Off-side.
14:17 of 2nd period - Boone Jenner wins face-off versus Tyler Ennis in neutral zone.
14:42 of 2nd period - Ramzi Abid is hit by Tyler Myers.
15:08 of 2nd period - Erik Haula is hit by Marian Gaborik and loses puck.
15:36 of 2nd period - Off-side.
15:37 of 2nd period - Boone Jenner wins face-off versus Jamie Arniel in neutral zone.
16:04 of 2nd period - Zach Parise is hit by Marcus Johansson.
16:10 of 2nd period - Wrist shot by Zach Parise.
16:10 of 2nd period - Stopped by Kari Lehtonen with a rebound.
16:40 of 2nd period - Snap shot by Nino Niederreiter.
16:40 of 2nd period - Stopped by Maxime Daigneault with a rebound.
16:42 of 2nd period - Wrist shot by Tyler Myers.
16:42 of 2nd period - Deflect By Nino Niederreiter.
16:42 of 2nd period - Shot Blocked by Ramzi Abid.
16:42 of 2nd period - Puck is out of play.
16:43 of 2nd period - Jamie Arniel wins face-off versus Tyler Johnson in Coyotes zone.
17:48 of 2nd period - Oscar Klefbom is hit by Marian Gaborik.
18:08 of 2nd period - Wrist shot by Ramzi Abid.
18:08 of 2nd period - Shot Misses the Net.
18:10 of 2nd period - Wrist shot by Evgeny Artyukhin.
18:10 of 2nd period - Goal by Evgeny Artyukhin - Coyotes : 3 - Jets : 1.
18:11 of 2nd period - Derek Stepan wins face-off versus Nazem Kadri in neutral zone.
18:16 of 2nd period - Wrist shot by Marcus Johansson.
18:16 of 2nd period - Shot Misses the Net.
18:26 of 2nd period - Snap shot by Nazem Kadri.
18:26 of 2nd period - Deflect By Tyler Ennis.
18:26 of 2nd period - Shot Misses the Net.
18:26 of 2nd period - Puck is out of play.
18:27 of 2nd period - Tyler Johnson wins face-off versus Nazem Kadri in Jets zone.
18:27 of 2nd period - Tyler Johnson is hit by Kristopher Letang.
19:05 of 2nd period - Off-side.
19:06 of 2nd period - Nazem Kadri wins face-off versus Nino Niederreiter in neutral zone.
19:11 of 2nd period - Wrist shot by Marian Gaborik.
19:11 of 2nd period - Stopped by Kari Lehtonen without a rebound.
19:12 of 2nd period - Nazem Kadri wins face-off versus Tyler Johnson in Jets zone.
19:37 of 2nd period - Slapshot by Nazem Kadri.
19:37 of 2nd period - Stopped by Kari Lehtonen with a rebound.
19:39 of 2nd period - Slapshot by Nazem Kadri.
19:39 of 2nd period - Shot Blocked by Tyler Myers.
19:53 of 2nd period - Snap shot by Nazem Kadri.
19:53 of 2nd period - Stopped by Kari Lehtonen without a rebound.
19:54 of 2nd period - Brad Richards wins face-off versus Derek Stepan in Jets zone.
19:55 of 2nd period - Backhand shot by Zach Parise.
19:55 of 2nd period - Shot Misses the Net.
Goals for this period are 2 for Coyotes vs 1 for Jets.
Shots for this period are 8 for Coyotes vs 7 for Jets.

3rd period


0:01 of 3rd period - Nazem Kadri wins face-off versus Derek Stepan in neutral zone.
0:10 of 3rd period - Slapshot by Marian Gaborik.
0:10 of 3rd period - Shot Misses the Net.
0:12 of 3rd period - Snap shot by Marian Gaborik.
0:12 of 3rd period - Shot Misses the Net.
0:14 of 3rd period - Slapshot by Anton Stralman.
0:14 of 3rd period - Stopped by Kari Lehtonen without a rebound.
0:15 of 3rd period - Tyler Johnson wins face-off versus Nazem Kadri in Jets zone.
0:28 of 3rd period - Nino Niederreiter is hit by Nazem Kadri and loses puck.
0:43 of 3rd period - Slapshot by Derek Stepan.
0:43 of 3rd period - Stopped by Maxime Daigneault without a rebound.
0:44 of 3rd period - Derek Stepan wins face-off versus Brad Richards in Coyotes zone.
0:45 of 3rd period - Snap shot by Marcus Johansson.
0:45 of 3rd period - Shot Blocked by Michael Del Zotto.
0:47 of 3rd period - Snap shot by Marcus Johansson.
0:47 of 3rd period - Stopped by Maxime Daigneault with a rebound.
0:49 of 3rd period - Snap shot by Evgeny Dadonov.
0:49 of 3rd period - Shot Misses the Net.
1:11 of 3rd period - Jonathan Huberdeau is hit by Nazem Kadri and loses puck.
1:22 of 3rd period - Backhand shot by Tyler Ennis.
1:22 of 3rd period - Shot Misses the Net.
1:36 of 3rd period - Slapshot by Evgeny Artyukhin.
1:36 of 3rd period - Shot Misses the Net.
1:38 of 3rd period - Backhand shot by Kristopher Letang.
1:38 of 3rd period - Stopped by Kari Lehtonen without a rebound.
1:39 of 3rd period - Ramzi Abid wins face-off versus Derek Stepan in Jets zone.
1:40 of 3rd period - Slapshot by Evgeny Artyukhin.
1:40 of 3rd period - Goal by Evgeny Artyukhin - Coyotes : 4 - Jets : 1.
1:41 of 3rd period - Derek Stepan wins face-off versus Nazem Kadri in neutral zone.
2:11 of 3rd period - Wrist shot by Brad Richards.
2:11 of 3rd period - Shot Blocked by Marco Scandella.
2:38 of 3rd period - Snap shot by Reilly Smith.
2:38 of 3rd period - Shot Misses the Net.
5:10 of 3rd period - Icing by Eric Gelinas.
5:11 of 3rd period - Derek Stepan wins face-off versus Nazem Kadri in Jets zone.
6:18 of 3rd period - Snap shot by Derek Stepan.
6:18 of 3rd period - Shot Misses the Net.
6:20 of 3rd period - Slapshot by Marcus Johansson.
6:20 of 3rd period - Stopped by Maxime Daigneault without a rebound.
6:21 of 3rd period - Marcus Johansson wins face-off versus Brad Richards in Coyotes zone.
6:26 of 3rd period - Snap shot by Marcus Johansson.
6:26 of 3rd period - Stopped by Maxime Daigneault without a rebound.
6:27 of 3rd period - Brad Richards wins face-off versus Derek Stepan in Coyotes zone.
6:38 of 3rd period - Brad Richards is hit by Evgeny Dadonov.
6:44 of 3rd period - Wrist shot by Zach Parise.
6:44 of 3rd period - Stopped by Kari Lehtonen without a rebound.
6:45 of 3rd period - Nazem Kadri wins face-off versus Tyler Johnson in Jets zone.
6:52 of 3rd period - Wrist shot by Tyler Ennis.
6:52 of 3rd period - Deflect By Marian Gaborik.
6:52 of 3rd period - Stopped by Kari Lehtonen with a rebound.
7:39 of 3rd period - Slapshot by Tyler Myers.
7:39 of 3rd period - Shot Blocked by Josh Gorges.
7:41 of 3rd period - Wrist shot by Reilly Smith.
7:41 of 3rd period - Stopped by Maxime Daigneault with a rebound.
7:43 of 3rd period - Slapshot by Marco Scandella.
7:43 of 3rd period - Shot Blocked by Josh Gorges.
7:45 of 3rd period - Snap shot by Tyler Myers.
7:45 of 3rd period - Shot Misses the Net.
7:47 of 3rd period - Snap shot by Derek Roy.
7:47 of 3rd period - Shot Misses the Net.
7:49 of 3rd period - Wrist shot by Derek Roy.
7:49 of 3rd period - Stopped by Maxime Daigneault with a rebound.
7:51 of 3rd period - Snap shot by Tyler Myers.
7:51 of 3rd period - Shot Misses the Net.
8:26 of 3rd period - Slapshot by Oscar Klefbom.
8:26 of 3rd period - Shot Blocked by Brad Richards.
8:30 of 3rd period - Slapshot by Nino Niederreiter.
8:30 of 3rd period - Shot Blocked by Brad Richards.
8:32 of 3rd period - Wrist shot by Erik Haula.
8:32 of 3rd period - Stopped by Maxime Daigneault without a rebound.
8:33 of 3rd period - Nazem Kadri wins face-off versus Derek Stepan in Coyotes zone.
8:42 of 3rd period - Wrist shot by Marian Gaborik.
8:42 of 3rd period - Shot Blocked by Marco Scandella.
8:46 of 3rd period - Snap shot by Nazem Kadri.
8:46 of 3rd period - Stopped by Kari Lehtonen without a rebound.
8:47 of 3rd period - Nazem Kadri wins face-off versus Evgeny Dadonov in Jets zone.
9:14 of 3rd period - Anton Stralman is hit by Oscar Klefbom and loses puck.
10:11 of 3rd period - Snap shot by Nino Niederreiter.
10:11 of 3rd period - Shot Misses the Net.
10:13 of 3rd period - Slapshot by Oscar Klefbom.
10:13 of 3rd period - Stopped by Maxime Daigneault without a rebound.
10:14 of 3rd period - Nazem Kadri wins face-off versus Derek Stepan in Coyotes zone.
10:14 of 3rd period - Nazem Kadri is hit by Marco Scandella.
10:36 of 3rd period - Minor Penalty to Anton Stralman for Boarding.
10:37 of 3rd period - Tyler Johnson wins face-off versus Tyler Ennis in Coyotes zone.
11:14 of 3rd period - Tyler Ennis is hit by Tyler Johnson and loses puck.
12:36 of 3rd period - Penalty to Anton Stralman is over, Anton Stralman is back on ice.
12:45 of 3rd period - Snap shot by Zach Parise.
12:45 of 3rd period - Shot Hit the Post.
12:51 of 3rd period - Boone Jenner is hit by Zach Parise and loses puck.
13:06 of 3rd period - Slapshot by Anton Stralman.
13:06 of 3rd period - Deflect By Ramzi Abid.
13:06 of 3rd period - Stopped by Kari Lehtonen without a rebound.
13:07 of 3rd period - Tyler Johnson wins face-off versus Jamie Arniel in Jets zone.
13:56 of 3rd period - Slapshot by Anton Stralman.
13:56 of 3rd period - Stopped by Kari Lehtonen with a rebound.
14:07 of 3rd period - Icing by Jacob Trouba.
14:08 of 3rd period - Jamie Arniel wins face-off versus Derek Stepan in Jets zone.
14:25 of 3rd period - Snap shot by Evgeny Dadonov.
14:25 of 3rd period - Stopped by Maxime Daigneault without a rebound.
14:26 of 3rd period - Brad Richards wins face-off versus Derek Roy in Coyotes zone.
14:37 of 3rd period - Slapshot by Chris Stewart.
14:37 of 3rd period - Deflect By Eric Gelinas.
14:37 of 3rd period - Shot Misses the Net.
14:37 of 3rd period - Puck is out of play.
14:38 of 3rd period - Nazem Kadri wins face-off versus Derek Stepan in Jets zone.
14:47 of 3rd period - Snap shot by Evgeny Dadonov.
14:47 of 3rd period - Stopped by Maxime Daigneault with a rebound.
14:50 of 3rd period - Icing by Marian Gaborik.
14:51 of 3rd period - Nazem Kadri wins face-off versus Derek Roy in Coyotes zone.
15:22 of 3rd period - Eric Gelinas is hit by Chris Stewart.
15:42 of 3rd period - Nino Niederreiter is hit by Evgeny Artyukhin and loses puck.
16:05 of 3rd period - Snap shot by Tyler Johnson.
16:05 of 3rd period - Stopped by Maxime Daigneault with a rebound.
16:27 of 3rd period - Wrist shot by Jamie Arniel.
16:27 of 3rd period - Shot Blocked by Jared Spurgeon.
16:51 of 3rd period - Slapshot by Tyler Myers.
16:51 of 3rd period - Shot Misses the Net.
16:53 of 3rd period - Snap shot by Derek Roy.
16:53 of 3rd period - Stopped by Maxime Daigneault without a rebound.
16:54 of 3rd period - Brad Richards wins face-off versus Derek Roy in Coyotes zone.
17:14 of 3rd period - Off-side.
17:15 of 3rd period - Jamie Arniel wins face-off versus Derek Stepan in neutral zone.
17:18 of 3rd period - Snap shot by Michael Del Zotto.
17:18 of 3rd period - Deflect By Jamie Arniel.
17:18 of 3rd period - Shot Misses the Net.
17:18 of 3rd period - Puck is out of play.
17:19 of 3rd period - Jamie Arniel wins face-off versus Derek Stepan in Jets zone.
17:22 of 3rd period - Snap shot by Evgeny Artyukhin.
17:22 of 3rd period - Shot Blocked by Evgeny Dadonov.
17:24 of 3rd period - Snap shot by Ramzi Abid.
17:24 of 3rd period - Shot Misses the Net.
17:28 of 3rd period - Wrist shot by Jamie Arniel.
17:28 of 3rd period - Shot Misses the Net.
17:30 of 3rd period - Snap shot by Evgeny Artyukhin.
17:30 of 3rd period - Stopped by Kari Lehtonen with a rebound.
17:32 of 3rd period - Slapshot by Michael Del Zotto.
17:32 of 3rd period - Deflect By Jamie Arniel.
17:32 of 3rd period - Stopped by Kari Lehtonen without a rebound.
17:33 of 3rd period - Nazem Kadri wins face-off versus Evgeny Dadonov in Jets zone.
17:34 of 3rd period - Wrist shot by Tyler Ennis.
17:34 of 3rd period - Stopped by Kari Lehtonen without a rebound.
17:35 of 3rd period - Derek Stepan wins face-off versus Nazem Kadri in Jets zone.
17:35 of 3rd period - Derek Stepan is hit by Anton Stralman.
17:47 of 3rd period - Slapshot by Derek Stepan.
17:47 of 3rd period - Shot Misses the Net.
17:49 of 3rd period - Slapshot by Evgeny Dadonov.
17:49 of 3rd period - Stopped by Maxime Daigneault with a rebound.
17:51 of 3rd period - Slapshot by Eric Gelinas.
17:51 of 3rd period - Shot Blocked by Nazem Kadri.
19:11 of 3rd period - Snap shot by Marcus Johansson.
19:11 of 3rd period - Stopped by Maxime Daigneault without a rebound.
19:12 of 3rd period - Derek Roy wins face-off versus Nazem Kadri in Coyotes zone.
19:13 of 3rd period - Wrist shot by Reilly Smith.
19:13 of 3rd period - Shot Blocked by Anton Stralman.
19:15 of 3rd period - Wrist shot by Tyler Myers.
19:15 of 3rd period - Shot Blocked by Anton Stralman.
19:17 of 3rd period - Backhand shot by Jonathan Huberdeau.
19:17 of 3rd period - Shot Misses the Net.
19:19 of 3rd period - Slapshot by Tyler Myers.
19:19 of 3rd period - Shot Misses the Net.
19:21 of 3rd period - Backhand shot by Reilly Smith.
19:21 of 3rd period - Stopped by Maxime Daigneault without a rebound.
19:22 of 3rd period - Derek Roy wins face-off versus Nazem Kadri in Coyotes zone.
19:32 of 3rd period - Icing by Tyler Ennis.
19:33 of 3rd period - Nazem Kadri wins face-off versus Derek Stepan in Coyotes zone.
19:51 of 3rd period - Nazem Kadri is hit by Marcus Johansson and loses puck.
Goals for this period are 1 for Coyotes vs 0 for Jets.
Shots for this period are 11 for Coyotes vs 15 for Jets.